 Seeded DCSS version 0.29.1-14-g9c671dbff4 (webtiles) character file.

Game seed: 20230211 (custom seed)

184 ueste the Caller (level 5, -2/37 HPs)
             Began as a Merfolk Summoner on Feb 17, 2023.
             Was an Initiate of Hepliaklqana.
             Killed from afar by an orc wizard (8 damage)
             ... with a puff of flame
             ... on level 4 of the Dungeon.
             The game lasted 00:24:40 (2171 turns).

ueste the Caller (Merfolk Summoner)                 Turns: 2171, Time: 00:24:41

Health: -2/37      AC:  3    Str:  9    XL:     5   Next: 64%
Magic:  6/9        EV: 13    Int: 16    God:    Hepliaklqana [......]
Gold:   15         SH:  0    Dex: 14    Spells: 7/10 levels left

rFire   . . .      SeeInvis .   l - +2 short sword (drain)
rCold   . . .      Faith    .   (no shield)
rNeg    . . .      Spirit   .   a - +0 robe
rPois   .          Reflect  .   (no helmet)
rElec   .          Harm     .   (no cloak)
rCorr   .          Rampage  .   i - +0 pair of gloves
Will    .....                   (no boots)
Stlth   ++........              (no amulet)
HPRegen 0.12/turn               (no ring)
MPRegen 0.11/turn               (no ring)

@: no status effects
A: (nimble swimmer 2), mertail
a: Renounce Religion


You were on level 4 of the Dungeon.
You worshipped Hepliaklqana.
Hepliaklqana was noncommittal.
You visited 2 branches of the dungeon, and saw 5 of its levels.
You also visited: Sewer.

You collected 15 gold pieces.

Inventory:

Hand Weapons
 c - a +0 dagger
 l - a +2 short sword of draining (weapon)
Missiles
 j - 6 stones
 m - 24 poisoned darts
Armour
 a - a +0 robe (worn)
 i - a +0 pair of gloves (worn)
Scrolls
 d - a scroll of teleportation {unknown}
 e - a scroll of acquirement {unknown}
 n - 2 scrolls of identify {unknown}
 p - 2 scrolls of enchant armour {unknown}
 s - a scroll of silence {unknown}
 u - a scroll of immolation {unknown}
 v - a scroll of noise {unknown}
 w - a scroll of vulnerability {unknown}
Potions
 b - a potion of magic
 f - 2 potions of haste {unknown}
 g - a potion of brilliance {unknown}
 h - a potion of curing
 k - a potion of might {unknown}
 o - a potion of flight {unknown}
 q - a potion of berserk rage {unknown}
 r - a potion of attraction {unknown}
 t - 2 potions of resistance {unknown}


   Skills:
 + Level 1.5 Fighting
 + Level 1.0 Armour
 + Level 3.5 Dodging
 + Level 3.1 Stealth
 * Level 3.2 Spellcasting
 * Level 4.8 Summonings


You had 7 spell levels left.
You knew the following spells:

 Your Spells              Type           Power      Damage    Failure   Level
a - Summon Small Mammal   Summ           72%        N/A       2%          1
b - Call Imp              Summ           18%        N/A       3%          2

Your spell library contained the following spells:

 Spells                   Type           Power      Damage    Failure   Level
 Call Canine Familiar     Summ           18%        N/A       8%          3
 Summon Guardian Golem    Hex/Summ       10%        N/A       21%         3
 Summon Lightning Spire   Summ/Air       10%        N/A       56%         4


Dungeon Overview and Level Annotations

Branches:
Dungeon (4/15)             Temple (1/1) D:4           Sewer (visited)

Altars:
Ashenzari
Cheibriados
Dithmenos
Elyvilon
Fedhas
Gozag
Hepliaklqana
Kikubaaqudgha
Makhleb
Nemelex Xobeh
Okawaru
Qazlal
Ru
Sif Muna
Uskayaw
Vehumet
Wu Jian
Yredelemnul
Zin


Innate Abilities, Weirdness & Mutations

((You are very nimble when in or above water. (Stealth+, EV+, Speed+++)))
Your lower body shifts to a powerful aquatic tail in water.


Message History

The orc hits your quokka with a +0 hand axe.
Your quokka closely misses something.
Something hits you.
Your crimson imp misses something.
You hear some strange, mumbled words.
Something tries to affect you, but you resist.
Something hits your rat!
Your rat dies!
Your rat's corpse disappears in a puff of smoke!
Your quokka barely misses something.
Casting: Call Imp (safe; 3% risk of failure)
Confirm with . or Enter, or press ? or * to list all spells.
Your quokka closely misses something.
Your crimson imp closely misses something.
Something hits you. x2
You miss something. Something completely misses you.
Something barely misses the goblin.
The orc hits your bat with a +0 war axe.
The orc closely misses you. Something barely misses you.
You hit something.
Your quokka disappears in a puff of smoke!
Your bat hits something but does no damage.
Your crimson imp blinks!
The orc completely misses you.
You hear some strange, mumbled words.
Something tries to affect you, but you resist.
Something hits you but does no damage.
You barely miss something.
Your bat hits something but does no damage.
Something hits you.
You hit something.
Your bat barely misses something.
The orc barely misses you. x2
Something hits you.
* * * LOW HITPOINT WARNING * * *
You hear some strange, mumbled words.
A magic dart appears from out of thin air!
The magic dart hits you.
* * * LOW HITPOINT WARNING * * *
You hear some strange, mumbled words.
A puff of flame appears from out of thin air!
The puff of flame hits you!
You die...

#..................##....# #.
#..........##......#...... ..
#....?........##.........) #.
#............###.......#.. #.
#.#..........##........#.. #.###
#.##.........>#........##. #+###
#..#.....g...........#####
⌠.⌠#####.......#{{§..#.......####
.>.'...........#@{..######...#..#
⌠.⌠######.#..#.oo§§##.###........
#+### #..........b#.............
#.### #.........†........§§.....
#. #.........#...)..#........ #.
#.........##..5..##....... ..
............#.....#........ ..
............................
.............................


You could see 2 orcs, a goblin, a friendly crimson imp (summoned) and a friendly
bat (summoned).

Vanquished Creatures
  An iguana (D:4)
  A ball python (Sewer)
  An endoplasm (D:4)
  2 goblins
  A hobgoblin (D:1)
  A rat (Sewer)
7 creatures vanquished.

Vanquished Creatures (collateral kills)
  A kobold brigand (Sewer)
  4 adders
  A river rat (Sewer)
  An ufetubus (D:4)
  2 worms (D:4)
  5 ball pythons
  A bat (D:1)
  3 endoplasms
  A giant cockroach (D:1)
  4 goblins
  11 kobolds
  3 rats
37 creatures vanquished.

Grand Total: 44 creatures vanquished

Notes
Turn   | Place    | Note
-------+----------+-------------------------------------------
     0 | D:1      | ueste the Merfolk Summoner began the quest for the Orb.
     0 | D:1      | Reached XP level 1. HP: 13/13 MP: 3/3
   316 | D:1      | Reached XP level 2. HP: 12/19 MP: 0/5
   801 | D:1      | Learned a level 2 spell: Call Imp
   995 | D:4      | Found a staircase to the Ecumenical Temple.
  1001 | Temple   | Entered the Ecumenical Temple
  1001 | Temple   | Found a transporter.
  1001 | Temple   | Found a transporter.
  1004 | Temple   | Found a transporter.
  1004 | Temple   | Found a transporter.
  1017 | Temple   | Became a worshipper of Hepliaklqana the Forgotten
  1115 | D:4      | Found a glowing drain.
  1136 | D:4      | Reached XP level 3. HP: 25/25 MP: 2/6
  1213 | Sewer    | Entered a sewer
  1284 | Sewer    | Noticed a kobold brigand
  1311 | Sewer    | Killed a kobold brigand
  1312 | Sewer    | Reached skill level 1 in Fighting
  1312 | Sewer    | Reached XP level 4. HP: 32/32 MP: 1/8
  1517 | Sewer    | Reached XP level 5. HP: 37/37 MP: 1/9
  2011 | D:4      | Reached skill level 1 in Armour
  2171 | D:4      | Killed from afar by an orc wizard

Illustrated notes

Levels and vault maps discovered:
D:1:      reono_arrival_mine, layout_basic, basic_ecumenical_altar,
          serial_shops, nicolae_lakefront_shop, minmay_split_cup_large
D:2:      layout_rooms, serial_bayou_lagoon_a, minmay_tall_x
D:3:      layout_rooms, amethyst_killhole, uniq_grinder, uniq_sigmund
D:4:      layout_cave_pools, temple_doors_e, cheibrodos_sewer_entry_bend
Temple:   hellmonk_temple_divided_pantheon

Skill      XL: |  1  2  3  4  5 |
---------------+----------------+-----
Dodging        | 3 |  3.5
Fighting       | 1 |  1.5
Spellcasting   | 3 |  3.2
Stealth        | 3 |  3.1
Armour         | 1 |  1.0
Summonings     | |  4.8

Action                   |  1- 3 |  4- 6 || total
-------------------------+-------+-------++-------
Melee: Dagger            |    24 |       ||    24
       Unarmed           |     1 |       ||     1
       Short sword       |     2 |    17 ||    19
 Cast: Summon Small Mamm |    32 |    27 ||    59
       Call Imp          |     9 |    15 ||    24
  Use: Potion            |       |     2 ||     2
       Scroll            |       |     1 ||     1
 Stab: Sleeping          |     1 |     1 ||     2
Armor: Robe              |     8 |     6 ||    14
Dodge: Dodged            |    28 |    22 ||    50
